[ AOE2 MATCH · #482853587 ]
UnrankedMalians vs Tatars
[ REPLAY ANALYSIS · EXTRACTED FROM THE RECORDED GAME ]
Feudal
—
Castle
—
Imperial
—
| APM avg | 41.6 |
| APM peak | 79 |
| eAPM avg | 21.9 |
| Villagers / military | 133 / 151 |
Focus
⚔️ 23.1% · 🌾 76.9%
Gbeto ×89 · Scout Cavalry ×54 · Camel Scout ×5 · Trebuchet (Packed) ×3
Feudal
9:59
Castle
25:35
Imperial
44:23
| APM avg | 28.9 |
| APM peak | 55 |
| eAPM avg | 15.4 |
| Villagers / military | 143 / 150 |
Focus
⚔️ 34.2% · 🌾 65.8%
Knight ×70 · Cavalry Archer ×67 · Scout Cavalry ×10 · Spearman ×3
Feudal
10:51
Castle
14:30
Imperial
36:06
| APM avg | 29.0 |
| APM peak | 67 |
| eAPM avg | 19.5 |
| Villagers / military | 181 / 143 |
Focus
⚔️ 39.5% · 🌾 60.5%
Skirmisher ×78 · Knight ×47 · Scout Cavalry ×15 · Camel Scout ×3
Feudal
10:08
Castle
22:15
Imperial
41:29
| APM avg | 33.7 |
| APM peak | 69 |
| eAPM avg | 18.4 |
| Villagers / military | 159 / 114 |
Focus
⚔️ 41.8% · 🌾 58.2%
War Wagon ×96 · Scout Cavalry ×9 · Trebuchet (Packed) ×4 · Spearman ×3 · Monk ×2
Feudal
9:41
Castle
19:18
Imperial
34:32
| APM avg | 28.3 |
| APM peak | 86 |
| eAPM avg | 13.5 |
| Villagers / military | 140 / 65 |
Focus
⚔️ 22.9% · 🌾 77.1%
Conquistador ×33 · Scout Cavalry ×29 · Spearman ×3
Feudal
10:29
Castle
15:35
Imperial
29:32
| APM avg | 32.3 |
| APM peak | 58 |
| eAPM avg | 22.3 |
| Villagers / military | 135 / 229 |
Focus
⚔️ 41.4% · 🌾 58.6%
Archer ×160 · Battering Ram ×42 · Trebuchet (Packed) ×14 · Scout Cavalry ×9 · Spearman ×3 · Monk ×1
Feudal
11:22
Castle
15:01
Imperial
31:06
| APM avg | 25.0 |
| APM peak | 90 |
| eAPM avg | 16.3 |
| Villagers / military | 142 / 332 |
Focus
⚔️ 31.3% · 🌾 68.7%
Skirmisher ×190 · Spearman ×136 · Trebuchet (Packed) ×4 · Bombard Cannon ×2
Feudal
12:55
Castle
16:56
Imperial
41:52
| APM avg | 25.8 |
| APM peak | 63 |
| eAPM avg | 14.1 |
| Villagers / military | 137 / 40 |
Focus
⚔️ 29.3% · 🌾 70.7%
Camel Archer ×20 · Mangonel ×7 · Petard ×5 · Spearman ×5 · Monk ×2 · Trebuchet (Packed) ×1
Match map
Initial resources + every placement click. Lines = walls · curves = elevation contours. ◆ gold · ⬟ stone · ● berries · ✦ relic · ◌ wall gap
Your base· Open — unwalled flank
TmZ_Peçanha's base· ✓ Closed at 25:35 · 6t walls · 1 gate(s)
PeterPan's base· Open — unwalled flank
TmZ_Skovronski's base· ✓ Closed at 22:15 · 34t walls · 2 gate(s)
take_it_easy's base· Open — unwalled flank
malathrock's base· Open — unwalled flank
super dark's base· Open — unwalled flank
TmZ_rogers's base· ✓ Closed at 16:56 · 44t walls · 3 gate(s)
Smoothed initial terrain · ◌ = detected wall gap · hover for details
Inputs per minute
— jomanuel28 - - TmZ_Peçanha
Build order — jomanuel28
First 150 of 422 actions detected
| 0:04 | Build | House |
| 0:05 | Build | House |
| 0:06 | Create | Villager (Male) |
| 0:06 | Create | Villager (Male) |
| 0:06 | Create | Villager (Male) |
| 0:07 | Create | Villager (Male) |
| 0:07 | Create | Villager (Male) |
| 1:30 | Create | Villager (Male) |
| 1:56 | Create | Villager (Male) |
| 1:56 | Create | Villager (Male) |
| 2:32 | Create | Villager (Male) |
| 3:10 | Research | Loom |
| 3:11 | Create | Villager (Male) |
| 3:11 | Create | Villager (Male) |
| 3:15 | Create | Villager (Male) |
| 3:29 | Build | Lumber Camp |
| 4:25 | Create | Villager (Male) |
| 4:25 | Create | Villager (Male) |
| 4:25 | Create | Villager (Male) |
| 4:25 | Create | Villager (Male) |
| 4:56 | Create | Villager (Male) |
| 5:08 | Build | House |
| 5:22 | Build | Mill |
| 5:45 | Build | Palisade Wall |
| 6:27 | Create | Villager (Male) |
| 6:49 | Build | House |
| 7:02 | Create | Villager (Male) |
| 7:27 | Create | Villager (Male) |
| 7:38 | Create | Villager (Male) |
| 7:42 | Build | Mining Camp |
| 7:52 | Build | Palisade Wall |
| 8:23 | Build | Palisade Gate |
| 8:28 | Create | Villager (Male) |
| 8:32 | Create | Villager (Male) |
| 8:49 | Research | Feudal Age |
| 9:39 | Build | Mining Camp |
| 10:24 | Build | House |
| 11:14 | Build | Blacksmith |
| 11:35 | Create | Villager (Male) |
| 11:55 | Build | Market |
| 11:58 | Create | Villager (Male) |
| 11:58 | Create | Villager (Male) |
| 13:38 | Create | Villager (Male) |
| 13:41 | Research | Castle Age |
| 14:05 | Research | Double-Bit Axe |
| 14:11 | Build | Farm |
| 14:17 | Build | Farm |
| 14:21 | Build | Farm |
| 16:32 | Build | Town Center |
| 16:37 | Build | Farm |
| 16:59 | Build | Farm |
| 17:52 | Build | Town Center |
| 17:54 | Create | Villager (Male) |
| 17:58 | Build | Farm |
| 18:09 | Create | Villager (Male) |
| 18:09 | Create | Villager (Male) |
| 18:45 | Create | Villager (Male) |
| 18:49 | Build | Farm |
| 18:51 | Build | Farm |
| 18:52 | Create | Villager (Male) |
| 18:53 | Create | Villager (Male) |
| 19:13 | Create | Villager (Male) |
| 19:21 | Build | Farm |
| 19:30 | Create | Villager (Male) |
| 19:30 | Create | Villager (Male) |
| 19:44 | Create | Villager (Male) |
| 19:48 | Build | Farm |
| 19:59 | Create | Villager (Male) |
| 20:06 | Build | Farm |
| 20:21 | Build | Castle |
| 20:22 | Create | Villager (Male) |
| 20:22 | Create | Villager (Male) |
| 20:33 | Research | Horse Collar |
| 20:39 | Build | Farm |
| 20:41 | Create | Villager (Male) |
| 20:41 | Create | Villager (Male) |
| 20:52 | Create | Villager (Male) |
| 20:57 | Build | Farm |
| 21:08 | Create | Villager (Male) |
| 21:08 | Create | Villager (Male) |
| 21:19 | Build | Farm |
| 21:20 | Create | Villager (Male) |
| 21:20 | Create | Villager (Male) |
| 21:26 | Build | Farm |
| 21:30 | Create | Villager (Male) |
| 21:46 | Build | Farm |
| 21:47 | Create | Villager (Male) |
| 21:47 | Create | Villager (Male) |
| 22:01 | Create | Villager (Male) |
| 22:01 | Create | Villager (Male) |
| 22:02 | Create | Villager (Male) |
| 22:02 | Create | Villager (Male) |
| 22:49 | Create | Villager (Male) |
| 22:49 | Create | Villager (Male) |
| 22:51 | Build | Farm |
| 22:52 | Build | Farm |
| 22:53 | Create | Villager (Male) |
| 22:54 | Create | Villager (Male) |
| 22:56 | Build | Farm |
| 22:56 | Build | Farm |
| 23:02 | Create | Gbeto |
| 23:03 | Create | Gbeto |
| 23:03 | Create | Gbeto |
| 23:13 | Create | Villager (Male) |
| 23:29 | Research | Town Watch |
| 23:30 | Create | Villager (Male) |
| 23:30 | Create | Villager (Male) |
| 23:34 | Build | Farm |
| 23:36 | Build | Farm |
| 23:44 | Create | Villager (Male) |
| 23:44 | Create | Villager (Male) |
| 23:59 | Create | Villager (Male) |
| 23:59 | Create | Villager (Male) |
| 24:03 | Build | Farm |
| 24:04 | Build | Farm |
| 24:04 | Build | Farm |
| 24:05 | Build | Farm |
| 24:10 | Create | Gbeto |
| 24:10 | Create | Gbeto |
| 24:26 | Research | Scale Mail Armor |
| 24:30 | Build | Farm |
| 24:32 | Build | Farm |
| 24:35 | Create | Villager (Male) |
| 24:49 | Create | Gbeto |
| 24:49 | Create | Gbeto |
| 24:59 | Create | Villager (Male) |
| 24:59 | Create | Villager (Male) |
| 25:00 | Create | Villager (Male) |
| 25:00 | Create | Villager (Male) |
| 25:04 | Build | Farm |
| 25:04 | Build | Farm |
| 25:05 | Build | Farm |
| 25:05 | Build | Farm |
| 25:05 | Build | Farm |
| 25:10 | Create | Villager (Male) |
| 25:12 | Create | Gbeto |
| 25:12 | Create | Gbeto |
| 25:21 | Create | Villager (Male) |
| 25:36 | Build | House |
| 25:37 | Build | House |
| 25:40 | Build | House |
| 25:42 | Create | Villager (Male) |
| 25:43 | Create | Gbeto |
| 25:43 | Create | Gbeto |
| 25:53 | Create | Gbeto |
| 25:53 | Create | Gbeto |
| 25:54 | Create | Gbeto |
| 26:11 | Research | Forging |
| 26:13 | Create | Villager (Male) |
| 26:13 | Create | Villager (Male) |
Build order — TmZ_Peçanha
First 150 of 379 actions detected
| 0:02 | Create | Villager (Male) |
| 0:03 | Create | Villager (Male) |
| 0:03 | Create | Villager (Male) |
| 0:03 | Create | Villager (Male) |
| 0:03 | Create | Villager (Male) |
| 0:04 | Build | House |
| 0:06 | Build | House |
| 1:39 | Create | Villager (Male) |
| 2:04 | Create | Villager (Male) |
| 2:04 | Create | Villager (Male) |
| 2:21 | Build | Lumber Camp |
| 2:23 | Create | Villager (Male) |
| 2:23 | Create | Villager (Male) |
| 2:58 | Create | Villager (Male) |
| 2:58 | Create | Villager (Male) |
| 2:58 | Create | Villager (Male) |
| 3:13 | Create | Villager (Male) |
| 3:35 | Create | Villager (Male) |
| 4:00 | Create | Villager (Male) |
| 4:18 | Build | Mill |
| 4:37 | Build | House |
| 4:40 | Research | Loom |
| 4:52 | Build | House |
| 5:12 | Create | Villager (Male) |
| 5:12 | Create | Villager (Male) |
| 5:12 | Create | Villager (Male) |
| 5:39 | Create | Villager (Male) |
| 5:40 | Create | Villager (Male) |
| 5:40 | Create | Villager (Male) |
| 5:58 | Create | Villager (Male) |
| 6:17 | Create | Villager (Male) |
| 6:36 | Create | Villager (Male) |
| 7:26 | Create | Villager (Male) |
| 7:26 | Create | Villager (Male) |
| 7:33 | Create | Villager (Male) |
| 7:49 | Research | Feudal Age |
| 8:32 | Build | Barracks |
| 9:06 | Build | House |
| 9:59 | Age | Feudal Age |
| 10:02 | Build | Stable |
| 10:26 | Create | Villager (Male) |
| 10:27 | Create | Villager (Male) |
| 10:31 | Research | Double-Bit Axe |
| 10:47 | Build | Stable |
| 10:49 | Create | Scout Cavalry |
| 10:50 | Create | Scout Cavalry |
| 10:50 | Create | Scout Cavalry |
| 11:25 | Create | Villager (Male) |
| 11:25 | Create | Villager (Male) |
| 11:35 | Build | Blacksmith |
| 11:37 | Create | Scout Cavalry |
| 11:37 | Create | Scout Cavalry |
| 11:38 | Create | Scout Cavalry |
| 11:38 | Create | Scout Cavalry |
| 11:38 | Create | Scout Cavalry |
| 11:46 | Create | Villager (Male) |
| 11:52 | Create | Villager (Male) |
| 12:22 | Build | House |
| 12:23 | Build | House |
| 12:27 | Build | Mining Camp |
| 12:29 | Create | Villager (Male) |
| 12:29 | Create | Villager (Male) |
| 12:42 | Research | Town Watch |
| 12:58 | Create | Villager (Male) |
| 13:12 | Create | Villager (Male) |
| 13:12 | Create | Villager (Male) |
| 13:15 | Build | Farm |
| 13:18 | Research | Scale Barding Armor |
| 13:37 | Create | Villager (Male) |
| 13:37 | Create | Villager (Male) |
| 13:47 | Create | Scout Cavalry |
| 13:48 | Create | Scout Cavalry |
| 13:48 | Create | Villager (Male) |
| 14:23 | Create | Villager (Male) |
| 14:41 | Create | Villager (Male) |
| 14:41 | Create | Villager (Male) |
| 15:03 | Create | Villager (Male) |
| 15:03 | Create | Villager (Male) |
| 15:19 | Create | Villager (Male) |
| 15:19 | Create | Villager (Male) |
| 15:22 | Build | Farm |
| 15:22 | Build | Farm |
| 15:22 | Build | Farm |
| 15:23 | Build | Farm |
| 15:23 | Build | Farm |
| 15:23 | Build | Farm |
| 15:23 | Build | Farm |
| 15:24 | Build | Farm |
| 15:25 | Build | Farm |
| 15:54 | Create | Villager (Male) |
| 16:01 | Build | House |
| 16:05 | Build | House |
| 16:09 | Build | House |
| 16:17 | Build | House |
| 16:32 | Create | Villager (Male) |
| 16:39 | Create | Villager (Male) |
| 16:41 | Build | Farm |
| 17:21 | Create | Villager (Male) |
| 17:24 | Create | Villager (Male) |
| 17:26 | Build | Farm |
| 17:35 | Create | Villager (Male) |
| 17:38 | Build | Farm |
| 18:10 | Create | Villager (Male) |
| 18:10 | Create | Villager (Male) |
| 18:25 | Create | Villager (Male) |
| 18:50 | Create | Villager (Male) |
| 19:01 | Build | Farm |
| 19:02 | Build | Farm |
| 19:02 | Build | Farm |
| 19:02 | Build | Farm |
| 19:03 | Create | Villager (Male) |
| 19:08 | Build | Farm |
| 19:08 | Build | Farm |
| 19:09 | Build | Farm |
| 19:21 | Build | Farm |
| 19:23 | Create | Villager (Male) |
| 19:29 | Build | Farm |
| 19:32 | Build | Farm |
| 19:32 | Build | Farm |
| 19:32 | Build | Farm |
| 19:33 | Build | Farm |
| 19:33 | Create | Villager (Male) |
| 19:38 | Create | Villager (Male) |
| 20:14 | Create | Villager (Male) |
| 20:20 | Build | Farm |
| 20:20 | Build | Farm |
| 20:20 | Build | Farm |
| 20:20 | Build | Farm |
| 20:21 | Build | Farm |
| 20:22 | Create | Villager (Male) |
| 20:35 | Research | Bloodlines |
| 21:43 | Create | Villager (Male) |
| 21:58 | Create | Villager (Male) |
| 22:09 | Build | Archery Range |
| 22:10 | Build | Archery Range |
| 22:36 | Build | Market |
| 22:55 | Research | Castle Age |
| 23:04 | Build | Archery Range |
| 23:13 | Research | Horse Collar |
| 23:15 | Create | Villager (Male) |
| 23:21 | Create | Villager (Male) |
| 23:50 | Create | Villager (Male) |
| 24:03 | Build | Archery Range |
| 24:07 | Create | Villager (Male) |
| 24:22 | Create | Spearman |
| 24:23 | Create | Spearman |
| 24:23 | Create | Spearman |
| 24:35 | Build | Gate |
| 24:55 | Build | Stone Wall |
| 25:29 | Build | Stone Wall |
Build order — PeterPan
First 150 of 499 actions detected
| 0:01 | Create | Villager (Male) |
| 0:01 | Create | Villager (Male) |
| 0:02 | Build | House |
| 0:04 | Build | House |
| 0:25 | Create | Villager (Male) |
| 0:26 | Create | Villager (Male) |
| 0:32 | Create | Villager (Male) |
| 1:28 | Create | Villager (Male) |
| 1:45 | Build | Lumber Camp |
| 1:48 | Create | Villager (Male) |
| 2:26 | Create | Villager (Male) |
| 2:55 | Create | Villager (Male) |
| 3:00 | Create | Villager (Male) |
| 3:32 | Create | Villager (Male) |
| 3:47 | Build | House |
| 4:02 | Research | Loom |
| 4:11 | Build | Mill |
| 4:12 | Create | Villager (Male) |
| 4:17 | Research | Loom |
| 4:18 | Create | Villager (Male) |
| 4:32 | Build | House |
| 4:58 | Create | Villager (Male) |
| 5:08 | Build | Palisade Wall |
| 5:27 | Create | Villager (Male) |
| 5:37 | Create | Villager (Male) |
| 5:58 | Create | Villager (Male) |
| 6:13 | Build | House |
| 6:43 | Build | Palisade Wall |
| 6:48 | Create | Villager (Male) |
| 6:49 | Create | Villager (Male) |
| 7:01 | Build | Palisade Wall |
| 7:16 | Build | Mining Camp |
| 7:35 | Create | Villager (Male) |
| 7:58 | Create | Villager (Male) |
| 8:20 | Create | Villager (Male) |
| 8:30 | Build | Farm |
| 8:33 | Research | Feudal Age |
| 9:02 | Build | Farm |
| 9:31 | Build | Barracks |
| 10:46 | Create | Villager (Male) |
| 10:51 | Age | Feudal Age |
| 10:53 | Build | Stable |
| 11:12 | Create | Villager (Male) |
| 11:24 | Build | Blacksmith |
| 12:05 | Research | Castle Age |
| 12:10 | Build | House |
| 12:38 | Research | Double-Bit Axe |
| 13:07 | Build | Stable |
| 13:16 | Research | Horse Collar |
| 13:42 | Research | Bloodlines |
| 13:51 | Build | Farm |
| 13:54 | Build | Farm |
| 14:28 | Build | House |
| 14:30 | Age | Castle Age |
| 14:33 | Create | Camel Scout |
| 14:45 | Create | Camel Scout |
| 15:08 | Create | Camel Scout |
| 15:22 | Build | House |
| 15:26 | Create | Villager (Male) |
| 15:49 | Create | Villager (Male) |
| 15:54 | Build | Town Center |
| 16:11 | Create | Knight |
| 16:19 | Build | Farm |
| 16:34 | Create | Knight |
| 16:40 | Build | House |
| 16:54 | Create | Villager (Male) |
| 17:18 | Create | Villager (Male) |
| 17:41 | Build | Farm |
| 17:42 | Build | Farm |
| 17:58 | Build | House |
| 17:59 | Create | Knight |
| 18:03 | Build | Farm |
| 18:06 | Build | Farm |
| 18:14 | Create | Knight |
| 18:36 | Create | Villager (Male) |
| 18:37 | Create | Villager (Male) |
| 18:53 | Build | Farm |
| 19:04 | Create | Knight |
| 19:04 | Create | Knight |
| 19:09 | Build | Farm |
| 19:14 | Create | Villager (Male) |
| 19:41 | Create | Knight |
| 19:43 | Create | Villager (Male) |
| 19:43 | Create | Villager (Male) |
| 19:55 | Build | Farm |
| 20:02 | Create | Villager (Male) |
| 20:15 | Create | Villager (Male) |
| 20:35 | Create | Villager (Male) |
| 20:42 | Build | Market |
| 20:43 | Create | Villager (Male) |
| 21:00 | Create | Villager (Male) |
| 21:06 | Create | Knight |
| 21:06 | Create | Knight |
| 21:19 | Create | Villager (Male) |
| 21:31 | Create | Villager (Male) |
| 21:33 | Build | House |
| 21:47 | Create | Villager (Male) |
| 21:52 | Create | Knight |
| 21:52 | Create | Knight |
| 21:55 | Research | Bow Saw |
| 21:59 | Build | Farm |
| 22:02 | Build | Farm |
| 22:07 | Build | Farm |
| 22:10 | Create | Villager (Male) |
| 22:26 | Build | House |
| 22:45 | Research | Forging |
| 22:52 | Create | Villager (Male) |
| 22:59 | Build | House |
| 22:59 | Build | House |
| 23:08 | Create | Villager (Male) |
| 23:08 | Create | Villager (Male) |
| 23:16 | Create | Knight |
| 23:16 | Create | Knight |
| 23:22 | Create | Villager (Male) |
| 23:25 | Build | Farm |
| 23:26 | Build | Farm |
| 23:45 | Create | Knight |
| 24:06 | Research | Iron Casting |
| 24:09 | Create | Villager (Male) |
| 24:09 | Create | Villager (Male) |
| 24:26 | Create | Villager (Male) |
| 24:26 | Create | Villager (Male) |
| 24:36 | Create | Villager (Male) |
| 24:49 | Create | Knight |
| 24:56 | Build | Town Center |
| 24:57 | Create | Villager (Male) |
| 25:00 | Build | Lumber Camp |
| 25:05 | Build | Farm |
| 25:07 | Create | Villager (Male) |
| 25:10 | Build | Farm |
| 25:19 | Create | Villager (Male) |
| 25:27 | Create | Villager (Male) |
| 25:37 | Create | Villager (Male) |
| 25:41 | Build | Mill |
| 25:42 | Build | Farm |
| 25:42 | Build | Farm |
| 25:42 | Build | Farm |
| 25:42 | Build | Farm |
| 25:43 | Build | Farm |
| 25:43 | Build | Farm |
| 25:43 | Build | Farm |
| 25:45 | Create | Knight |
| 25:46 | Create | Knight |
| 26:00 | Create | Villager (Male) |
| 26:00 | Create | Villager (Male) |
| 26:07 | Create | Villager (Male) |
| 26:10 | Create | Knight |
| 26:10 | Create | Knight |
| 26:18 | Create | Villager (Male) |
| 26:33 | Create | Villager (Male) |
Build order — TmZ_Skovronski
First 150 of 444 actions detected
| 0:01 | Create | Villager (Male) |
| 0:01 | Create | Villager (Male) |
| 0:02 | Build | House |
| 0:03 | Build | House |
| 0:05 | Create | Villager (Male) |
| 0:05 | Create | Villager (Male) |
| 0:05 | Create | Villager (Male) |
| 1:26 | Create | Villager (Male) |
| 1:26 | Create | Villager (Male) |
| 1:48 | Build | Lumber Camp |
| 1:51 | Create | Villager (Male) |
| 1:52 | Create | Villager (Male) |
| 2:20 | Create | Villager (Male) |
| 2:20 | Create | Villager (Male) |
| 2:53 | Create | Villager (Male) |
| 2:53 | Create | Villager (Male) |
| 3:04 | Build | Palisade Wall |
| 3:11 | Build | Palisade Wall |
| 3:22 | Create | Villager (Male) |
| 3:23 | Create | Villager (Male) |
| 3:34 | Build | House |
| 4:10 | Create | Villager (Male) |
| 4:10 | Create | Villager (Male) |
| 4:11 | Create | Villager (Male) |
| 4:22 | Build | House |
| 4:27 | Build | Palisade Wall |
| 4:33 | Create | Villager (Male) |
| 4:33 | Create | Villager (Male) |
| 4:33 | Create | Villager (Male) |
| 5:21 | Build | House |
| 5:47 | Create | Villager (Male) |
| 5:47 | Create | Villager (Male) |
| 5:57 | Build | Palisade Wall |
| 6:18 | Build | Palisade Wall |
| 6:31 | Build | Palisade Wall |
| 6:32 | Build | Palisade Wall |
| 6:32 | Build | Palisade Wall |
| 6:39 | Create | Villager (Male) |
| 6:39 | Research | Loom |
| 6:50 | Build | Mill |
| 6:59 | Build | Palisade Wall |
| 7:03 | Create | Villager (Male) |
| 7:07 | Build | Palisade Wall |
| 7:15 | Create | Villager (Male) |
| 7:21 | Build | Palisade Wall |
| 7:37 | Research | Feudal Age |
| 7:44 | Build | Palisade Wall |
| 8:25 | Build | House |
| 8:38 | Create | Villager (Male) |
| 8:38 | Create | Villager (Male) |
| 9:26 | Build | Barracks |
| 10:08 | Age | Feudal Age |
| 10:30 | Build | Stable |
| 10:40 | Research | Double-Bit Axe |
| 10:42 | Create | Villager (Male) |
| 10:46 | Create | Spearman |
| 10:46 | Create | Spearman |
| 11:03 | Build | Palisade Gate |
| 11:05 | Build | Palisade Wall |
| 11:16 | Create | Villager (Male) |
| 11:34 | Create | Scout Cavalry ×5 |
| 11:45 | Create | Scout Cavalry |
| 11:46 | Create | Villager (Male) |
| 11:46 | Create | Villager (Male) |
| 11:52 | Build | Farm |
| 11:54 | Build | Farm |
| 12:05 | Create | Villager (Male) |
| 12:15 | Build | House |
| 12:20 | Create | Villager (Male) |
| 12:25 | Build | Farm |
| 12:30 | Build | Farm |
| 12:40 | Build | House |
| 12:55 | Build | Farm |
| 12:57 | Create | Villager (Male) |
| 12:57 | Create | Villager (Male) |
| 12:59 | Build | Farm |
| 12:59 | Build | Farm |
| 13:18 | Create | Villager (Male) |
| 13:22 | Build | Blacksmith |
| 13:44 | Create | Scout Cavalry |
| 13:45 | Create | Villager (Male) |
| 13:58 | Build | Farm |
| 13:59 | Build | Farm |
| 14:02 | Build | Farm |
| 14:05 | Create | Villager (Male) |
| 14:08 | Build | Farm |
| 14:22 | Build | Farm |
| 14:25 | Build | Farm |
| 14:41 | Create | Scout Cavalry |
| 14:42 | Create | Villager (Male) |
| 14:49 | Create | Villager (Male) |
| 14:54 | Build | House |
| 14:57 | Build | House |
| 15:05 | Create | Scout Cavalry |
| 15:21 | Build | Farm |
| 15:25 | Build | Mining Camp |
| 15:42 | Create | Villager (Male) |
| 15:44 | Build | Farm |
| 16:07 | Create | Villager (Male) |
| 16:33 | Create | Villager (Male) |
| 16:37 | Build | Market |
| 16:53 | Create | Villager (Male) |
| 16:57 | Build | Mining Camp |
| 17:23 | Create | Villager (Male) |
| 17:28 | Research | Horse Collar |
| 17:45 | Build | Lumber Camp |
| 17:51 | Create | Villager (Male) |
| 17:54 | Build | Farm |
| 17:57 | Build | Farm |
| 18:40 | Create | Villager (Male) |
| 18:44 | Build | Farm |
| 18:47 | Build | Farm |
| 18:54 | Build | Farm |
| 18:56 | Build | Farm |
| 19:36 | Research | Castle Age |
| 19:51 | Create | Spearman |
| 19:55 | Build | Gate |
| 20:14 | Research | Stone Mining |
| 20:21 | Research | Fletching |
| 20:21 | Research | Fletching |
| 20:34 | Research | Wheelbarrow |
| 20:40 | Build | Stone Wall |
| 20:41 | Build | Stone Wall |
| 21:08 | Build | House |
| 21:18 | Build | Stone Wall |
| 21:19 | Build | Stone Wall |
| 21:20 | Build | Stone Wall |
| 21:20 | Build | Stone Wall |
| 21:56 | Build | Stable |
| 22:04 | Build | Stone Wall |
| 22:08 | Build | Stone Wall |
| 22:10 | Build | Stone Wall |
| 22:15 | Build | Stone Wall |
| 22:15 | Age | Castle Age |
| 22:16 | Build | Stone Wall |
| 22:17 | Create | Villager (Male) |
| 22:27 | Build | Castle |
| 22:31 | Create | Villager (Male) ×5 |
| 22:41 | Build | Town Center |
| 22:48 | Build | House |
| 22:50 | Build | House |
| 23:02 | Research | Bow Saw |
| 23:04 | Research | Heavy Plow |
| 23:11 | Build | House |
| 23:12 | Build | House |
| 23:14 | Build | House |
| 23:15 | Build | House |
| 23:54 | Create | Villager (Male) ×3 |
| 24:06 | Create | Villager (Male) |
| 24:07 | Create | Villager (Male) |
Build order — take_it_easy
First 150 of 348 actions detected
| 0:02 | Create | Villager (Male) |
| 0:02 | Create | Villager (Male) |
| 0:02 | Create | Villager (Male) |
| 0:04 | Build | House |
| 0:06 | Build | House |
| 0:51 | Create | Villager (Male) |
| 0:51 | Create | Villager (Male) |
| 1:29 | Create | Villager (Male) |
| 1:30 | Create | Villager (Male) |
| 1:47 | Build | Lumber Camp |
| 1:52 | Create | Villager (Male) |
| 1:53 | Create | Villager (Male) |
| 2:27 | Create | Villager (Male) |
| 2:27 | Create | Villager (Male) |
| 3:04 | Build | House |
| 3:30 | Create | Villager (Male) |
| 3:31 | Create | Villager (Male) |
| 3:31 | Create | Villager (Male) |
| 4:05 | Build | Mill |
| 4:10 | Create | Villager (Male) |
| 4:10 | Create | Villager (Male) |
| 4:19 | Create | Villager (Male) |
| 4:19 | Create | Villager (Male) |
| 4:51 | Create | Villager (Male) |
| 4:51 | Create | Villager (Male) |
| 4:51 | Create | Villager (Male) |
| 5:12 | Create | Villager (Male) |
| 5:13 | Create | Villager (Male) |
| 5:13 | Create | Villager (Male) |
| 6:07 | Create | Villager (Male) |
| 6:07 | Create | Villager (Male) |
| 6:17 | Create | Villager (Male) |
| 6:36 | Research | Loom |
| 6:54 | Build | House |
| 7:31 | Research | Feudal Age |
| 8:15 | Build | Barracks |
| 8:43 | Build | House |
| 9:41 | Age | Feudal Age |
| 9:53 | Create | Villager (Male) |
| 9:53 | Create | Villager (Male) |
| 10:01 | Build | Stable |
| 10:21 | Create | Villager (Male) |
| 10:36 | Create | Scout Cavalry |
| 10:37 | Create | Scout Cavalry |
| 11:01 | Create | Villager (Male) |
| 11:02 | Create | Villager (Male) |
| 11:12 | Create | Scout Cavalry |
| 11:22 | Create | Villager (Male) |
| 11:28 | Build | House |
| 11:30 | Create | Villager (Male) |
| 12:26 | Build | Farm |
| 12:28 | Build | Farm |
| 12:29 | Build | Farm |
| 12:35 | Build | Farm |
| 12:47 | Create | Villager (Male) |
| 12:47 | Create | Villager (Male) |
| 12:51 | Build | Farm |
| 12:57 | Build | Farm |
| 13:03 | Create | Villager (Male) |
| 13:15 | Create | Villager (Male) |
| 13:49 | Build | Mining Camp |
| 13:50 | Create | Villager (Male) |
| 13:51 | Create | Villager (Male) |
| 14:08 | Create | Villager (Male) |
| 14:19 | Build | House |
| 14:20 | Build | Palisade Wall |
| 14:28 | Build | House |
| 14:32 | Build | Farm |
| 15:01 | Create | Villager (Male) |
| 15:07 | Create | Spearman |
| 15:08 | Create | Spearman |
| 15:26 | Create | Villager (Male) |
| 15:46 | Create | Spearman |
| 15:49 | Build | Blacksmith |
| 16:22 | Build | Farm |
| 16:24 | Build | Farm |
| 16:26 | Create | Villager (Male) |
| 16:35 | Research | Castle Age |
| 17:07 | Build | Farm |
| 17:08 | Build | Farm |
| 17:57 | Research | Double-Bit Axe |
| 19:06 | Create | Villager (Male) |
| 19:06 | Create | Villager (Male) |
| 19:18 | Age | Castle Age |
| 19:34 | Build | Town Center |
| 19:53 | Create | Villager (Male) |
| 19:53 | Create | Villager (Male) |
| 20:25 | Build | Town Center |
| 20:32 | Research | Horse Collar |
| 20:35 | Create | Villager (Male) |
| 20:35 | Create | Villager (Male) |
| 20:43 | Build | House |
| 20:57 | Build | Lumber Camp |
| 20:59 | Create | Villager (Male) |
| 21:00 | Create | Villager (Male) |
| 21:22 | Create | Villager (Male) |
| 21:22 | Create | Villager (Male) |
| 21:27 | Create | Villager (Male) |
| 21:28 | Create | Villager (Male) |
| 21:28 | Create | Villager (Male) |
| 21:35 | Build | Farm |
| 21:40 | Build | Farm |
| 21:41 | Build | Farm |
| 21:43 | Create | Villager (Male) |
| 21:44 | Create | Villager (Male) |
| 21:51 | Build | Farm |
| 21:55 | Create | Villager (Male) |
| 21:55 | Create | Villager (Male) |
| 21:58 | Build | Farm |
| 22:04 | Build | Farm |
| 22:06 | Build | Farm |
| 22:07 | Create | Villager (Male) |
| 22:07 | Create | Villager (Male) |
| 22:20 | Create | Villager (Male) |
| 22:20 | Create | Villager (Male) |
| 22:36 | Build | Farm |
| 22:38 | Create | Villager (Male) |
| 22:38 | Create | Villager (Male) |
| 22:51 | Build | Farm |
| 23:02 | Research | Bow Saw |
| 23:02 | Research | Bow Saw |
| 23:02 | Research | Bow Saw |
| 23:12 | Build | Farm |
| 23:16 | Create | Villager (Male) |
| 23:16 | Create | Villager (Male) |
| 23:26 | Create | Villager (Male) |
| 23:27 | Create | Villager (Male) |
| 23:30 | Create | Villager (Male) |
| 23:30 | Create | Villager (Male) |
| 23:33 | Build | Farm |
| 23:43 | Build | House |
| 23:44 | Build | House |
| 23:47 | Build | House |
| 23:49 | Create | Villager (Male) |
| 23:49 | Create | Villager (Male) |
| 23:58 | Build | Farm |
| 24:01 | Build | Farm |
| 24:02 | Create | Villager (Male) |
| 24:02 | Create | Villager (Male) |
| 24:03 | Create | Villager (Male) |
| 24:12 | Research | Town Watch |
| 24:29 | Create | Villager (Male) |
| 24:30 | Create | Villager (Male) |
| 24:33 | Build | Farm |
| 24:36 | Create | Villager (Male) |
| 24:37 | Create | Villager (Male) |
| 24:40 | Create | Villager (Male) |
| 24:48 | Create | Villager (Male) |
| 24:49 | Create | Villager (Male) |
| 24:58 | Build | House |
Build order — malathrock
First 150 of 469 actions detected
| 0:01 | Research | Loom |
| 0:44 | Create | Villager (Male) |
| 0:44 | Create | Villager (Male) |
| 1:10 | Create | Villager (Male) |
| 1:11 | Create | Villager (Male) |
| 1:40 | Create | Villager (Male) |
| 1:40 | Create | Villager (Male) |
| 2:00 | Create | Villager (Male) |
| 2:00 | Create | Villager (Male) |
| 2:01 | Create | Villager (Male) |
| 2:41 | Create | Villager (Male) |
| 2:41 | Create | Villager (Male) |
| 3:04 | Create | Villager (Male) |
| 3:04 | Create | Villager (Male) |
| 3:11 | Build | House |
| 3:12 | Build | Lumber Camp |
| 3:34 | Create | Villager (Male) |
| 3:34 | Create | Villager (Male) |
| 3:35 | Create | Villager (Male) |
| 4:29 | Create | Villager (Male) |
| 4:30 | Create | Villager (Male) |
| 4:53 | Create | Villager (Male) |
| 4:53 | Create | Villager (Male) |
| 4:53 | Create | Villager (Male) |
| 4:54 | Create | Villager (Male) |
| 5:29 | Build | House |
| 6:06 | Build | Mill |
| 6:11 | Create | Villager (Male) |
| 6:11 | Create | Villager (Male) |
| 6:51 | Build | Mining Camp |
| 7:04 | Create | Villager (Male) |
| 7:04 | Create | Villager (Male) |
| 7:08 | Create | Villager (Male) |
| 7:43 | Build | Mining Camp |
| 8:08 | Research | Feudal Age |
| 8:16 | Build | House |
| 9:45 | Create | Villager (Male) |
| 9:46 | Create | Villager (Male) |
| 10:29 | Age | Feudal Age |
| 10:30 | Create | Villager (Male) |
| 10:30 | Create | Villager (Male) |
| 10:36 | Build | Market |
| 10:39 | Build | Blacksmith |
| 11:20 | Build | Barracks |
| 11:22 | Create | Villager (Male) |
| 12:48 | Build | Stone Wall |
| 12:55 | Research | Castle Age |
| 13:10 | Build | Gate |
| 13:16 | Create | Spearman |
| 13:17 | Create | Spearman |
| 13:25 | Build | Palisade Wall |
| 13:28 | Build | Palisade Wall |
| 13:32 | Build | Palisade Wall |
| 13:34 | Build | Palisade Wall |
| 13:46 | Create | Villager (Male) |
| 14:08 | Build | House |
| 14:09 | Build | House |
| 14:10 | Research | Double-Bit Axe |
| 14:13 | Research | Horse Collar |
| 14:22 | Create | Spearman |
| 15:35 | Age | Castle Age |
| 15:39 | Build | Town Center |
| 15:53 | Build | Town Center |
| 15:58 | Create | Villager (Male) |
| 16:14 | Build | Stone Wall |
| 16:28 | Create | Villager (Male) |
| 16:42 | Research | Heavy Plow |
| 16:48 | Research | Bow Saw |
| 16:59 | Create | Villager (Male) |
| 17:06 | Build | Farm |
| 17:07 | Build | Farm |
| 17:08 | Create | Villager (Male) |
| 17:23 | Create | Villager (Male) |
| 17:25 | Build | Farm |
| 17:26 | Build | Farm |
| 17:26 | Build | Farm |
| 17:35 | Create | Villager (Male) |
| 17:39 | Build | Farm |
| 17:59 | Build | Farm |
| 18:04 | Build | Farm |
| 18:08 | Build | Farm |
| 18:17 | Build | Farm |
| 18:26 | Build | Farm |
| 18:27 | Create | Villager (Male) |
| 18:27 | Create | Villager (Male) |
| 18:38 | Build | Farm |
| 18:39 | Create | Villager (Male) |
| 18:39 | Create | Villager (Male) |
| 18:39 | Create | Villager (Male) |
| 18:39 | Create | Villager (Male) |
| 18:52 | Build | Farm |
| 18:58 | Build | Farm |
| 18:59 | Create | Villager (Male) |
| 18:59 | Create | Villager (Male) |
| 19:13 | Build | Farm |
| 19:16 | Create | Villager (Male) |
| 19:16 | Create | Villager (Male) |
| 19:25 | Research | Wheelbarrow |
| 19:31 | Build | Farm |
| 19:33 | Create | Villager (Male) |
| 19:34 | Create | Villager (Male) |
| 19:41 | Build | Farm |
| 19:43 | Create | Villager (Male) |
| 19:43 | Create | Villager (Male) |
| 19:46 | Build | Farm |
| 19:54 | Build | Farm |
| 20:02 | Create | Villager (Male) |
| 20:02 | Create | Villager (Male) |
| 20:04 | Build | Farm |
| 20:06 | Create | Villager (Male) |
| 20:06 | Create | Villager (Male) |
| 20:15 | Build | Farm |
| 20:18 | Build | Farm |
| 20:20 | Create | Villager (Male) |
| 20:26 | Build | Farm |
| 20:33 | Build | Gate |
| 20:36 | Create | Villager (Male) |
| 20:48 | Create | Villager (Male) |
| 20:48 | Create | Villager (Male) |
| 20:56 | Create | Villager (Male) |
| 21:07 | Build | Town Center |
| 21:13 | Create | Villager (Male) |
| 21:14 | Create | Villager (Male) |
| 21:17 | Build | Farm |
| 21:24 | Create | Villager (Male) |
| 21:24 | Create | Villager (Male) |
| 21:35 | Build | Farm |
| 21:36 | Build | Farm |
| 21:42 | Create | Villager (Male) |
| 21:43 | Create | Villager (Male) |
| 21:53 | Create | Villager (Male) |
| 22:02 | Build | Archery Range |
| 22:03 | Create | Villager (Male) |
| 22:05 | Create | Villager (Male) |
| 22:17 | Create | Villager (Male) |
| 22:22 | Build | Farm |
| 22:24 | Build | Farm |
| 22:28 | Create | Villager (Male) |
| 22:35 | Build | House |
| 22:36 | Build | House |
| 22:37 | Build | House |
| 22:38 | Build | House |
| 22:40 | Create | Villager (Male) |
| 22:40 | Create | Villager (Male) |
| 22:53 | Create | Villager (Male) |
| 22:54 | Create | Villager (Male) |
| 23:02 | Research | Hand Cart |
| 23:02 | Research | Hand Cart |
| 23:15 | Create | Villager (Male) |
| 23:15 | Create | Villager (Male) |
Build order — super dark
First 150 of 422 actions detected
| 0:02 | Create | Villager (Male) |
| 0:02 | Create | Villager (Male) |
| 0:02 | Create | Villager (Male) |
| 0:02 | Create | Villager (Male) |
| 0:04 | Build | House |
| 0:06 | Build | House |
| 1:43 | Create | Villager (Male) |
| 1:56 | Create | Villager (Male) |
| 2:20 | Build | Lumber Camp |
| 2:24 | Create | Villager (Male) |
| 2:29 | Create | Villager (Male) |
| 2:52 | Create | Villager (Male) |
| 3:28 | Create | Villager (Male) |
| 3:41 | Build | House |
| 3:53 | Create | Villager (Male) |
| 3:53 | Create | Villager (Male) |
| 4:34 | Build | Mill |
| 4:49 | Build | House |
| 5:04 | Create | Villager (Male) |
| 5:05 | Create | Villager (Male) |
| 6:17 | Create | Villager (Male) |
| 6:17 | Create | Villager (Male) |
| 6:18 | Create | Villager (Male) |
| 6:55 | Create | Villager (Male) |
| 7:29 | Create | Villager (Male) |
| 7:30 | Create | Villager (Male) |
| 7:52 | Build | House |
| 7:53 | Create | Villager (Male) |
| 8:19 | Build | Mill |
| 8:25 | Create | Villager (Male) |
| 8:54 | Build | Mining Camp |
| 9:00 | Research | Feudal Age |
| 9:53 | Create | Villager (Male) |
| 9:53 | Create | Villager (Male) |
| 11:22 | Age | Feudal Age |
| 11:33 | Build | Market |
| 11:38 | Build | Blacksmith |
| 12:21 | Research | Castle Age |
| 12:28 | Research | Double-Bit Axe |
| 12:33 | Research | Horse Collar |
| 13:01 | Research | Loom |
| 13:02 | Create | Villager (Male) |
| 13:03 | Create | Villager (Male) |
| 13:15 | Build | Farm |
| 13:16 | Build | Farm |
| 13:17 | Build | Farm |
| 13:19 | Build | Farm |
| 14:04 | Build | House |
| 14:47 | Build | House |
| 15:00 | Create | Villager (Male) |
| 15:01 | Age | Castle Age |
| 15:14 | Build | Barracks |
| 15:19 | Create | Villager (Male) |
| 15:20 | Create | Villager (Male) |
| 15:20 | Create | Villager (Male) |
| 15:30 | Create | Villager (Male) |
| 15:41 | Build | House |
| 15:43 | Build | House |
| 15:53 | Build | Town Center |
| 15:54 | Create | Villager (Male) |
| 16:12 | Create | Spearman |
| 16:12 | Create | Spearman |
| 16:58 | Build | Town Center |
| 16:59 | Create | Villager (Male) |
| 17:32 | Build | Farm |
| 17:33 | Build | Farm |
| 17:35 | Build | Farm |
| 17:53 | Create | Villager (Male) |
| 17:57 | Build | Farm |
| 18:01 | Build | Farm |
| 18:34 | Create | Villager (Male) |
| 18:50 | Build | Farm |
| 18:51 | Build | Farm |
| 18:55 | Create | Villager (Male) |
| 19:03 | Create | Villager (Male) |
| 19:15 | Build | Farm |
| 19:16 | Build | Farm |
| 19:29 | Build | Farm |
| 19:30 | Create | Villager (Male) |
| 19:41 | Create | Villager (Male) |
| 19:46 | Create | Villager (Male) |
| 19:47 | Create | Villager (Male) |
| 19:47 | Create | Villager (Male) |
| 19:51 | Build | Farm |
| 19:52 | Build | Farm |
| 19:55 | Create | Villager (Male) |
| 20:07 | Build | Farm |
| 20:08 | Create | Villager (Male) |
| 20:20 | Build | Farm |
| 20:26 | Build | Farm |
| 20:27 | Create | Villager (Male) |
| 20:32 | Build | House |
| 20:41 | Build | House |
| 20:43 | Create | Villager (Male) |
| 21:03 | Research | Wheelbarrow |
| 21:15 | Create | Villager (Male) |
| 21:19 | Build | Farm |
| 21:37 | Create | Villager (Male) |
| 21:44 | Build | Farm |
| 21:46 | Build | Farm |
| 21:51 | Build | Farm |
| 21:51 | Build | Farm |
| 21:58 | Build | Mining Camp |
| 22:02 | Create | Villager (Male) |
| 22:03 | Create | Villager (Male) |
| 22:03 | Create | Villager (Male) |
| 22:04 | Create | Villager (Male) |
| 22:04 | Create | Villager (Male) |
| 22:16 | Build | House |
| 22:17 | Build | House |
| 22:19 | Build | House |
| 22:20 | Create | Villager (Male) |
| 22:29 | Build | Farm |
| 22:31 | Build | Farm |
| 22:32 | Build | Farm |
| 22:34 | Create | Villager (Male) |
| 22:38 | Build | Farm |
| 22:39 | Create | Villager (Male) |
| 22:41 | Create | Villager (Male) |
| 22:47 | Create | Villager (Male) |
| 22:52 | Build | House |
| 22:55 | Create | Villager (Male) |
| 23:03 | Build | Farm |
| 23:04 | Create | Villager (Male) |
| 23:05 | Create | Villager (Male) |
| 23:08 | Build | House |
| 23:09 | Build | House |
| 23:10 | Build | House |
| 23:11 | Create | Villager (Male) |
| 23:30 | Research | Bow Saw |
| 23:43 | Create | Villager (Male) |
| 23:44 | Create | Villager (Male) |
| 23:47 | Create | Villager (Male) |
| 23:47 | Create | Villager (Male) |
| 23:47 | Create | Villager (Male) |
| 23:56 | Create | Villager (Male) |
| 24:05 | Create | Villager (Male) |
| 24:11 | Build | Farm |
| 24:13 | Build | Farm |
| 24:15 | Build | Farm |
| 24:27 | Create | Villager (Male) |
| 24:27 | Create | Villager (Male) |
| 24:32 | Build | Lumber Camp |
| 24:42 | Create | Villager (Male) |
| 24:47 | Build | Farm |
| 24:49 | Build | Farm |
| 24:50 | Build | Farm |
| 24:54 | Create | Villager (Male) |
| 25:15 | Create | Villager (Male) |
| 25:27 | Create | Villager (Male) |
Build order — TmZ_rogers
First 150 of 374 actions detected
| 0:03 | Create | Villager (Male) ×4 |
| 0:05 | Build | House |
| 0:09 | Build | House |
| 0:11 | Build | House |
| 1:03 | Build | House |
| 1:36 | Build | Mill |
| 1:42 | Create | Villager (Male) |
| 2:10 | Create | Villager (Male) |
| 2:11 | Create | Villager (Male) |
| 2:43 | Create | Villager (Male) |
| 2:43 | Create | Villager (Male) |
| 3:00 | Create | Villager (Male) |
| 3:32 | Create | Villager (Male) |
| 3:33 | Create | Villager (Male) |
| 3:33 | Create | Villager (Male) |
| 4:03 | Build | House |
| 4:19 | Create | Villager (Male) |
| 4:19 | Create | Villager (Male) |
| 4:20 | Create | Villager (Male) |
| 5:20 | Create | Villager (Male) |
| 5:20 | Create | Villager (Male) |
| 5:20 | Create | Villager (Male) |
| 5:20 | Create | Villager (Male) |
| 6:21 | Create | Villager (Male) |
| 6:21 | Create | Villager (Male) |
| 6:41 | Build | Lumber Camp |
| 6:45 | Create | Villager (Male) ×5 |
| 6:58 | Build | Mill |
| 7:14 | Create | Villager (Male) |
| 7:15 | Create | Villager (Male) |
| 7:39 | Create | Villager (Male) |
| 7:40 | Create | Villager (Male) |
| 7:48 | Build | House |
| 7:51 | Build | House |
| 7:54 | Build | Palisade Wall |
| 8:35 | Create | Villager (Male) |
| 8:35 | Create | Villager (Male) |
| 9:24 | Build | House |
| 9:26 | Build | House |
| 9:31 | Build | House |
| 9:32 | Build | Palisade Wall |
| 10:03 | Research | Loom |
| 10:16 | Build | Palisade Wall |
| 10:21 | Research | Feudal Age |
| 10:45 | Build | Palisade Wall |
| 11:05 | Build | House |
| 11:23 | Build | House |
| 11:26 | Build | Palisade Wall |
| 11:39 | Build | Palisade Wall |
| 11:50 | Build | Mining Camp |
| 12:14 | Build | Palisade Wall |
| 12:29 | Build | Palisade Gate |
| 12:37 | Build | Palisade Wall |
| 12:45 | Build | House |
| 12:50 | Create | Villager (Male) |
| 12:50 | Create | Villager (Male) |
| 12:55 | Age | Feudal Age |
| 13:19 | Build | Market |
| 13:34 | Build | Blacksmith |
| 13:39 | Create | Villager (Male) |
| 14:16 | Research | Castle Age |
| 14:16 | Research | Castle Age |
| 14:23 | Build | House |
| 14:27 | Build | Barracks |
| 14:53 | Build | Palisade Gate |
| 14:55 | Build | Palisade Wall |
| 15:02 | Build | Farm |
| 15:31 | Create | Spearman |
| 15:31 | Create | Spearman |
| 15:49 | Build | Palisade Gate |
| 16:50 | Build | Palisade Wall |
| 16:56 | Age | Castle Age |
| 17:32 | Create | Villager (Male) |
| 17:43 | Build | Town Center |
| 18:15 | Research | Double-Bit Axe |
| 18:25 | Create | Villager (Male) |
| 18:29 | Build | Farm |
| 18:32 | Build | Farm |
| 18:38 | Create | Villager (Male) |
| 19:04 | Build | Town Center |
| 19:23 | Create | Spearman |
| 19:27 | Build | Farm |
| 19:32 | Create | Villager (Male) |
| 19:54 | Build | Town Center |
| 20:10 | Create | Villager (Male) |
| 20:11 | Create | Villager (Male) |
| 20:17 | Build | House |
| 20:34 | Build | Farm |
| 20:35 | Build | Farm |
| 20:36 | Build | Farm |
| 20:39 | Build | Farm |
| 20:49 | Create | Villager (Male) |
| 20:49 | Create | Villager (Male) |
| 20:53 | Create | Villager (Male) |
| 20:54 | Create | Villager (Male) |
| 21:21 | Build | Outpost |
| 21:25 | Build | Farm |
| 21:25 | Create | Villager (Male) |
| 21:25 | Create | Villager (Male) |
| 21:28 | Build | Farm |
| 21:35 | Build | Farm |
| 21:56 | Build | Farm |
| 21:58 | Create | Villager (Male) |
| 21:59 | Create | Villager (Male) |
| 22:23 | Build | Stone Wall |
| 22:25 | Create | Villager (Male) |
| 22:28 | Build | Farm |
| 22:29 | Create | Villager (Male) |
| 22:38 | Build | Farm |
| 22:41 | Build | Farm |
| 22:45 | Create | Villager (Male) |
| 22:46 | Create | Villager (Male) |
| 23:07 | Build | Stone Wall |
| 23:08 | Create | Villager (Male) |
| 23:09 | Create | Villager (Male) |
| 23:09 | Create | Villager (Male) |
| 23:15 | Build | Farm |
| 23:18 | Create | Villager (Male) |
| 23:32 | Build | Stone Wall |
| 23:36 | Build | Stone Wall |
| 23:40 | Build | Stone Wall |
| 23:56 | Build | Gate |
| 24:03 | Build | Stone Wall |
| 24:12 | Build | Stone Wall |
| 24:20 | Build | Gate |
| 24:27 | Build | House |
| 24:32 | Create | Villager (Male) |
| 24:33 | Create | Villager (Male) |
| 24:33 | Create | Villager (Male) |
| 24:33 | Create | Villager (Male) |
| 24:34 | Create | Villager (Male) |
| 24:35 | Create | Villager (Male) |
| 25:09 | Build | Palisade Gate |
| 25:11 | Build | Gate |
| 25:15 | Build | Gate |
| 25:20 | Build | Gate |
| 25:25 | Build | Stone Wall |
| 25:27 | Build | Stone Wall |
| 25:30 | Build | Stone Wall |
| 25:33 | Build | Stone Wall |
| 25:35 | Build | Stone Wall |
| 25:39 | Build | Stone Wall |
| 25:40 | Build | Stone Wall |
| 25:59 | Build | Stone Wall |
| 26:27 | Create | Spearman |
| 26:27 | Create | Spearman |
| 26:29 | Create | Villager (Male) |
| 26:30 | Create | Villager (Male) |
| 26:30 | Create | Villager (Male) |
| 26:30 | Create | Villager (Male) |
Match timeline
| 3:04 | TmZ_Skovronski · wall_segment Palisade Wall x1 |
| 3:11 | TmZ_Skovronski · wall_segment Palisade Wall x1 |
| 4:27 | TmZ_Skovronski · wall_segment Palisade Wall x4 |
| 5:08 | PeterPan · wall_segment Palisade Wall x5 |
| 5:45 | jomanuel28 · wall_segment Palisade Wall x8 |
| 5:57 | TmZ_Skovronski · wall_segment Palisade Wall x1 |
| 6:18 | TmZ_Skovronski · wall_segment Palisade Wall x1 |
| 6:31 | TmZ_Skovronski · wall_segment Palisade Wall x1 |
| 6:32 | TmZ_Skovronski · wall_segment Palisade Wall x1 |
| 6:32 | TmZ_Skovronski · wall_segment Palisade Wall x1 |
| 6:43 | PeterPan · wall_segment Palisade Wall x5 |
| 6:59 | TmZ_Skovronski · wall_segment Palisade Wall x1 |
| 7:01 | PeterPan · wall_segment Palisade Wall x14 |
| 7:07 | TmZ_Skovronski · wall_segment Palisade Wall x3 |
| 7:21 | TmZ_Skovronski · wall_segment Palisade Wall x3 |
| 7:44 | TmZ_Skovronski · wall_segment Palisade Wall x5 |
| 7:52 | jomanuel28 · wall_segment Palisade Wall x17 |
| 7:54 | TmZ_rogers · wall_segment Palisade Wall x4 |
| 8:15 | take_it_easy · first_building Barracks |
| 8:32 | TmZ_Peçanha · first_building Barracks |
| 9:26 | TmZ_Skovronski · first_building Barracks |
| 9:31 | PeterPan · first_building Barracks |
| 9:32 | TmZ_rogers · wall_segment Palisade Wall x8 |
| 9:41 | take_it_easy · age_up feudal |
| 9:59 | TmZ_Peçanha · age_up feudal |
| 10:01 | take_it_easy · first_building Stable |
| 10:02 | TmZ_Peçanha · first_building Stable |
| 10:08 | TmZ_Skovronski · age_up feudal |
| 10:16 | TmZ_rogers · wall_segment Palisade Wall x5 |
| 10:29 | malathrock · age_up feudal |
| 10:30 | TmZ_Skovronski · first_building Stable |
| 10:45 | TmZ_rogers · wall_segment Palisade Wall x11 |
| 10:51 | PeterPan · age_up feudal |
| 10:53 | PeterPan · first_building Stable |
| 11:05 | TmZ_Skovronski · wall_segment Palisade Wall x1 |
| 11:20 | malathrock · first_building Barracks |
| 11:22 | super dark · age_up feudal |
| 11:26 | TmZ_rogers · wall_segment Palisade Wall x5 |
| 11:39 | TmZ_rogers · wall_segment Palisade Wall x5 |
| 12:14 | TmZ_rogers · wall_segment Palisade Wall x1 |
| 12:37 | TmZ_rogers · wall_segment Palisade Wall x1 |
| 12:48 | malathrock · wall_segment Stone Wall x9 |
| 12:55 | TmZ_rogers · age_up feudal |
| 13:25 | malathrock · wall_segment Palisade Wall x1 |
| 13:28 | malathrock · wall_segment Palisade Wall x1 |
| 13:32 | malathrock · wall_segment Palisade Wall x1 |
| 13:34 | malathrock · wall_segment Palisade Wall x1 |
| 14:20 | take_it_easy · wall_segment Palisade Wall x1 |
| 14:27 | TmZ_rogers · first_building Barracks |
| 14:30 | PeterPan · age_up castle |
| 14:55 | TmZ_rogers · wall_segment Palisade Wall x3 |
| 15:01 | super dark · age_up castle |
| 15:14 | super dark · first_building Barracks |
| 15:35 | malathrock · age_up castle |
| 16:14 | malathrock · wall_segment Stone Wall x21 |
| 16:39 | malathrock · first_market_buy 100 food |
| 16:50 | TmZ_rogers · wall_segment Palisade Wall x1 |
| 16:56 | TmZ_rogers · age_up castle |
| 19:12 | TmZ_rogers · first_market_buy 100 food |
| 19:18 | take_it_easy · age_up castle |
| 19:46 | super dark · first_market_buy 100 food |
| 20:21 | jomanuel28 · first_building Castle |
| 20:40 | TmZ_Skovronski · wall_segment Stone Wall x1 |
| 20:41 | TmZ_Skovronski · wall_segment Stone Wall x1 |
| 21:18 | TmZ_Skovronski · wall_segment Stone Wall x1 |
| 21:19 | TmZ_Skovronski · wall_segment Stone Wall x1 |
| 21:20 | TmZ_Skovronski · wall_segment Stone Wall x1 |
| 21:20 | TmZ_Skovronski · wall_segment Stone Wall x1 |
| 21:50 | PeterPan · first_market_buy 100 food |
| 22:02 | malathrock · first_building Archery Range |
| 22:04 | TmZ_Skovronski · wall_segment Stone Wall x1 |
| 22:08 | TmZ_Skovronski · wall_segment Stone Wall x1 |
| 22:09 | TmZ_Peçanha · first_building Archery Range |
| 22:10 | TmZ_Skovronski · wall_segment Stone Wall x1 |
| 22:15 | TmZ_Skovronski · wall_segment Stone Wall x1 |
| 22:15 | TmZ_Skovronski · age_up castle |
| 22:16 | TmZ_Skovronski · wall_segment Stone Wall x1 |
| 22:22 | TmZ_Skovronski · first_market_buy 100 stone |
| 22:23 | TmZ_rogers · wall_segment Stone Wall x8 |
| 22:27 | TmZ_Skovronski · first_building Castle |
| 22:34 | TmZ_Skovronski · first_market_sell 100 wood |
| 23:07 | TmZ_rogers · wall_segment Stone Wall x1 |
| 23:32 | TmZ_rogers · wall_segment Stone Wall x1 |
| 23:36 | TmZ_rogers · wall_segment Stone Wall x1 |
| 23:40 | TmZ_rogers · wall_segment Stone Wall x1 |
| 23:54 | PeterPan · first_market_sell 100 wood |
| 23:58 | malathrock · first_building Monastery |
| 24:03 | TmZ_rogers · wall_segment Stone Wall x1 |
| 24:12 | TmZ_rogers · wall_segment Stone Wall x1 |
| 24:19 | TmZ_Peçanha · first_market_sell 100 food |
| 24:20 | TmZ_Peçanha · first_market_buy 100 wood |
| 24:55 | TmZ_Peçanha · wall_segment Stone Wall x1 |
| 25:06 | TmZ_Skovronski · first_building Monastery |
| 25:25 | TmZ_rogers · wall_segment Stone Wall x1 |
| 25:27 | TmZ_rogers · wall_segment Stone Wall x1 |
| 25:29 | TmZ_Peçanha · wall_segment Stone Wall x5 |
| 25:30 | TmZ_rogers · wall_segment Stone Wall x1 |
| 25:33 | TmZ_rogers · wall_segment Stone Wall x1 |
| 25:35 | TmZ_Peçanha · age_up castle |
| 25:35 | TmZ_rogers · wall_segment Stone Wall x1 |
| 25:38 | take_it_easy · first_building Castle |
| 25:39 | TmZ_rogers · wall_segment Stone Wall x1 |
| 25:40 | TmZ_rogers · wall_segment Stone Wall x1 |
| 25:59 | TmZ_rogers · wall_segment Stone Wall x4 |
| 26:59 | super dark · first_building Monastery |
| 27:07 | TmZ_rogers · first_building Castle |
| 28:07 | TmZ_rogers · first_building Stable |
| 28:13 | TmZ_rogers · first_building Siege Workshop |
| 28:25 | TmZ_rogers · first_building Monastery |
| 28:45 | take_it_easy · first_market_buy 100 food |
| 28:50 | TmZ_rogers · wall_segment Stone Wall x6 |
| 29:17 | malathrock · first_market_sell 500 wood |
| 29:28 | TmZ_rogers · wall_segment Stone Wall x8 |
| 29:32 | malathrock · age_up imperial |
| 29:44 | TmZ_Skovronski · wall_segment Stone Wall x1 |
| 29:56 | TmZ_rogers · wall_segment Stone Wall x4 |
| 30:05 | malathrock · first_building Castle |
| 30:08 | PeterPan · first_building Siege Workshop |
| 30:18 | PeterPan · first_building Monastery |
| 31:01 | TmZ_rogers · wall_segment Stone Wall x2 |
| 31:05 | super dark · first_building Castle |
| 31:06 | super dark · age_up imperial |
| 31:54 | malathrock · first_building Siege Workshop |
| 32:14 | take_it_easy · first_building Siege Workshop |
| 32:51 | jomanuel28 · first_building Barracks |
| 33:29 | TmZ_rogers · wall_segment Stone Wall x9 |
| 33:45 | PeterPan · first_building Archery Range |
| 34:32 | take_it_easy · age_up imperial |
| 34:43 | jomanuel28 · first_market_sell 100 food |
| 35:02 | TmZ_rogers · wall_segment Stone Wall x1 |
| 35:09 | TmZ_rogers · wall_segment Stone Wall x1 |
| 35:13 | TmZ_rogers · wall_segment Stone Wall x2 |
| 35:21 | super dark · first_building Archery Range |
| 36:06 | PeterPan · age_up imperial |
| 36:35 | PeterPan · first_building Castle |
| 37:44 | TmZ_rogers · wall_segment Stone Wall x11 |
| 38:30 | super dark · first_building Siege Workshop |
| 38:52 | TmZ_Peçanha · first_building Siege Workshop |
| 39:39 | jomanuel28 · first_building Stable |
| 39:41 | TmZ_Skovronski · wall_segment Stone Wall x1 |
| 39:42 | TmZ_Skovronski · wall_segment Stone Wall x1 |
| 39:42 | TmZ_Skovronski · wall_segment Stone Wall x1 |
| 39:42 | TmZ_Skovronski · wall_segment Stone Wall x1 |
| 39:43 | TmZ_Skovronski · wall_segment Stone Wall x1 |
| 39:43 | TmZ_Skovronski · wall_segment Stone Wall x2 |
| 39:43 | TmZ_Skovronski · wall_segment Stone Wall x1 |
| 39:43 | TmZ_Skovronski · wall_segment Stone Wall x1 |
| 39:44 | TmZ_Skovronski · wall_segment Stone Wall x1 |
| 41:29 | TmZ_Skovronski · age_up imperial |
| 41:45 | TmZ_rogers · wall_segment Stone Wall x2 |
| 41:52 | TmZ_rogers · age_up imperial |
| 43:19 | malathrock · first_building Stable |
| 43:36 | take_it_easy · resign |
| 43:54 | TmZ_rogers · wall_segment Stone Wall x1 |
| 44:23 | TmZ_Peçanha · age_up imperial |
| 44:32 | TmZ_rogers · first_building Archery Range |
[ AI ANALYSIS · 1 CREDIT ]
What really happened in this match?
Wolo.gg analyzes every decision: build order, eco, micro, common mistakes by bracket. Personalized analysis on WhatsApp or Discord in 30 seconds.
Civ guide
Malians
Perfil
Jugador #9648857